 Dungeon Crawl Stone Soup version 0.32-a0-675-gdc239d62e1 (webtiles) character file.

Game seed: 6645897893990144908

86 Zeldest the Shooter (level 4, -1/31 (34) HPs)
             Began as a Coglin Hunter on Mar 12, 2024.
             Slain by Terence
             ... wielding the +7 Throatcutter {drain, coup de grace}
              (15 damage)
             ... on level 1 of the Dungeon.
             The game lasted 00:03:18 (1334 turns).

Zeldest the Shooter (Coglin Hunter)                 Turns: 1334, Time: 00:03:18

HP:   -1/31 (34)    AC:  3    Str: 11    XL:     4   Next: 49%
MP:   5/5           EV: 12    Int: 11    God:
Gold: 163           SH:  0    Dex: 17    Spells: 5/5 levels left

rFire   . . .        a - +3 sling {Ingwe}
rCold   . . .        d - +0 sling {Zolin}
rNeg    . . .        c - +0 leather armour
rPois   .            (no helmet)
rElec   .            (no cloak)
rCorr   .            (no gloves)
SInv    .            (no boots)
Will    .....        (amulet unavailable)
Stlth   ++           (ring unavailable)
HPRegen 0.25/turn    (ring unavailable)
MPRegen 0.09/turn    (no gizmo)

%: no passive effects
@: weak-willed, drained
A: off-hand wielding, slow wielding, warmup strikes, no jewellery
a: Invent Gizmo


You were on level 1 of the Dungeon.
You visited 1 branch of the dungeon, and saw 2 of its levels.

You collected 163 gold pieces.

Inventory:

Hand Weapons
 a - a +3 sling (weapon) {Ingwe}
 d - a +0 sling (offhand) {Zolin}
Armour
 c - a +0 leather armour (worn)
Scrolls
 f - 2 scrolls of identify
 k - a scroll of fear {unknown}
 l - 3 scrolls of teleportation {unknown}
 n - a scroll of noise {unknown}
Potions
 e - a potion of lignification {unknown}
 g - 3 potions of curing
 m - 2 potions of invisibility {unknown}


   Skills:
 + Level 2.8 Fighting
 * Level 4.5 Ranged Weapons
 - Level 2.0 Dodging
 - Level 0.7 Stealth
 + Level 1.0 Spellcasting


You had 5 spell levels left.
You didn't know any spells.
Your spell library contained the following spells:

 Spells                   Type           Power      Damage    Failure   Level
 Apportation              Tloc           0%         N/A       38%         1
 Jinxbite                 Hex            0%         N/A       54%         2
 Alistair's Intoxication  Alch           0%         N/A       100%        5


Dungeon Overview and Level Annotations

Branches:
Dungeon (2/15) Zot: 10642

Altars:

Annotations:
D:1 Terence


Innate Abilities, Weirdness & Mutations

You can wield a second weapon in your off-hand.
It takes a long time for you to wield or remove held weapons.
Your first few attacks do less damage.
You cannot equip rings or amulets.


Message History

You kill the goblin!
No target in view!
No target in view!
You see here a +0 club.
There is a stone staircase leading up here.
Throw: 2 darts (curare)
Press: ? - help, Q - select action, (/) - cycle Shift-Dir - straight line, f - Terence
Aim: Terence, wielding the +7 Throatcutter {drain, coup de grace} and wearing a +0 ring mail (wandering, hasn't noticed you, 61% to hit)
You throw a curare-tipped dart.
The curare-tipped dart closely misses Terence.
Throw: dart (curare)
Press: ? - help, Q - select action, (/) - cycle Shift-Dir - straight line, f/p - Terence
Aim: Terence, wielding the +7 Throatcutter {drain, coup de grace} and wearing a +0 ring mail (61% to hit)
You throw a curare-tipped dart.
The curare-tipped dart barely misses Terence.
Okay, then.
As you read the scroll labelled UTWUFO VUKHADI, it crumbles to dust.
It is a scroll of identify.
g - 3 potions of curing Terence barely misses you.
Terence attacks as he pursues you! Terence misses you.
There is a stone staircase leading up here.
Terence hits you with the +7 Throatcutter!
You feel drained.
You climb upwards.
There is a stone staircase leading down here.
As you read the scroll labelled LIALOC YFAMYMEL, it crumbles to dust.
You feel momentarily disoriented.
It was a scroll of revelation.
Terence barely misses you.
As you read the scroll labelled DENLUCL ASOR, it crumbles to dust.
A wave of despondency washes over your surroundings.
It was a scroll of vulnerability.
Terence hits you with the +7 Throatcutter.
You feel drained.
As you read the scroll labelled FAUGOO XUZUE, it crumbles to dust.
It is a scroll of enchant weapon.
Your +2 sling {Ingwe} glows red for a moment.
Terence hits you with the +7 Throatcutter!
You die...
Terence says, "Time to find some more victims."

####### ......#
###############
......##################
......'..###############
......##.###############
.รท..####.#########.....#
....## #.#########.....#
#....###.#########.....#
................@'.....#
.........#####.#@#.....#
#....#########.#.#.....#
.....# ##....#.#.....#
####.######.##.#.#######
...............#.#######
.###.###....##.#.#.#####
.#.#.# #.#.###.#.#.#####
.#.#.# #.#.# #.#.#.#


You could see Terence (weak-willed).

Vanquished Creatures
  Natasha (D:2)
  A gnoll (D:1)
  An adder (D:2)
  A dart slug (D:1)
  2 ribbon worms (D:2)
  5 ball pythons
  2 endoplasms
  2 giant cockroaches
  5 goblins
  2 hobgoblins
  2 quokkas (D:1)
  6 bats
  2 frilled lizards (D:1)
  2 kobolds (D:1)
  A rat (D:2)
35 creatures vanquished.

Notes
Turn   | Place    | Note
-------+----------+-------------------------------------------
     0 | D:1      | Zeldest the Coglin Hunter began the quest for the Orb.
     0 | D:1      | Reached XP level 1. HP: 16/16 MP: 1/1
   233 | D:1      | Reached XP level 2. HP: 22/22 MP: 2/2
   327 | D:1      | Reached skill level 4 in Ranged Weapons
   396 | D:1      | Found a faded altar of an unknown god.
   451 | D:1      | Reached XP level 3. HP: 28/28 MP: 3/3
   890 | D:2      | Noticed Natasha
   893 | D:2      | Killed Natasha
   894 | D:2      | Reached XP level 4. HP: 34/34 MP: 3/5
   913 | D:2      | Reached skill level 1 in Spellcasting
  1137 | D:2      | Noticed Terence
  1334 | D:1      | Slain by Terence

Illustrated notes

Levels and vault maps discovered:
D:1:      amcnicky_arrival_choice, layout_basic,
          dilly_ecumenical_altar_fadedgnrine, serial_park_tiny_2
D:2:      layout_loops_ring, uniq_terence, uniq_natasha

Skill      XL: |  1  2  3  4 |
---------------+-------------+-----
Dodging        | 2 |  2.0
Ranged Weapons | 4 |  4.5
Spellcasting   | 1 |  1.0
Fighting       | |  2.8
Stealth        | |  0.7

Action                     |  1- 3 |  4- 6 || total
---------------------------+-------+-------++-------
   Fire: Sling             |   102 |    76 ||   178
  Throw: Dart              |       |     2 ||     2
    Use: Scroll            |       |     5 ||     5
 Armour: Leather armour    |     5 |    14 ||    19
  Dodge: Dodged            |     1 |    13 ||    14

Table legend: (Time is in decaauts)
 A = Elapsed time spent in this place.
 B = Non-inter-level travel time spent in this place.
 C = Inter-level travel time spent in this place.
 D = Time resting spent in this place.
 E = Time spent auto-exploring this place.
 F = Levels seen in this place.
 G = Mean time per level.
                   A        B        C        D        E       F      G
               +--------+--------+--------+--------+--------+-----+--------+
         Total |   1356 |   1329 |     27 |     99 |    951 |   2 |  678.0 |
       Dungeon |   1356 |   1329 |     27 |     99 |    951 |   2 |  678.0 |
               +--------+--------+--------+--------+--------+-----+--------+

Top non-repeatable levels by time:
     D:1: 770 daAuts
     D:2: 586 daAuts
